 Dungeon Crawl Stone Soup version 0.31.0-1-g2c135a0 (webtiles) character file.

Game seed: 5642253820364809946

102 HarleyF the Chopper (level 4, 0/41 HPs)
             Began as a Hill Orc Berserker on Apr 2, 2024.
             Was a Believer of Trog.
             Succumbed to a scorpion's poison
             ... on level 4 of the Dungeon.
             The game lasted 00:05:40 (1675 turns).

HarleyF the Chopper (Hill Orc Berserker)            Turns: 1675, Time: 00:05:41

Health: 0/41       AC:  2    Str: 20 (21) XL:     4   Next: 77%
Magic:  4/4        EV: 12    Int:  4 (7)  God:    Trog [**....]
Gold:   109        SH:  0    Dex:  8 (10) Spells: 3/3 levels left

rFire   . . .        a - +0 hand axe
rCold   . . .        (no shield)
rNeg    . . .        b - +0 animal skin
rPois   .            (no helmet)
rElec   .            (no cloak)
rCorr   .            (no gloves)
SInv    .            (no boots)
Will    .....        (no amulet)
Stlth   +            (no ring)
HPRegen 0.26/turn    (no ring)
MPRegen 0.09/turn

%: no passive effects
@: lethally poisoned (0 -> -8), studying Fighting
A: no striking features
a: Renounce Religion, Berserk, Trog's Hand


You were on level 4 of the Dungeon.
You worshipped Trog.
Trog was pleased with you.
You visited 1 branch of the dungeon, and saw 3 of its levels.

You collected 109 gold pieces.

Inventory:

Hand Weapons
 a - a +0 hand axe (weapon)
Missiles
 n - a throwing net (quivered)
Armour
 b - a +0 animal skin (worn)
Talismans
 m - a flux talisman
Scrolls
 c - a scroll of butterflies {unknown}
 d - a scroll of immolation
 f - a scroll of acquirement {unknown}
 h - a scroll of enchant armour {unknown}
 j - a scroll of identify {unknown}
 k - a scroll of revelation {unknown}
 l - a scroll of vulnerability {unknown}
Potions
 e - a potion of curing


   Skills:
 + Level 4.4 Fighting
 + Level 5.5 Axes
 + Level 2.3 Armour
 + Level 2.4 Dodging
 + Level 0.4 Stealth


You had 3 spell levels left.
You didn't know any spells.
Your spell library was empty.

Dungeon Overview and Level Annotations

Branches:
Dungeon (2/15)

Altars:


Message History

The orc hits you with a +0 short sword.
* * * LOW HITPOINT WARNING * * *
You hit the orc.
You kill the orc!
Trog accepts your kill.
The kobold throws a stone.
The stone barely misses you.
It was a potion of degeneration.
There was something very wrong with that liquid.
You feel weakened.
You feel dopey.
You feel clumsy.
It was a potion of attraction.
You feel attractive to monsters. The kobold closely misses you.
You barely miss the kobold. The kobold hits you with a +0 whip.
* * * LOW HITPOINT WARNING * * *
You hit the kobold.
You kill the kobold!
Trog accepts your kill.
Items here: ( ))) †.
You hear the rusting of a distant drain.
Items here: )) [ ††.
You pick up a manual of Fighting and begin studying.
A scorpion comes into view.
The scorpion is attracted toward you. The scorpion barely misses you.
The scorpion attacks as it pursues you! The scorpion stings you!
* * * LOW HITPOINT WARNING * * *
The scorpion attacks as it pursues you! The scorpion closely misses you.
You see here a +0 whip.
The scorpion attacks as it pursues you! The scorpion stings you.
* * * LOW HITPOINT WARNING * * *
The scorpion attacks as it pursues you! The scorpion misses you.
The scorpion attacks as it pursues you! The scorpion closely misses you.
The scorpion barely misses you.
You feel less attractive to monsters. The scorpion stings you.
* * * LOW HITPOINT WARNING * * *
You are lethally poisoned!
The scorpion poisons you!
* * * LOW HITPOINT WARNING * * *
You feel very sick.
You die...

#.#####.######.))...##.##### #
#..............####.##.....####
..#.........#### #.######.....
#...####### #.# #..### #.#.##
#.# #..# # #.# ##.# #..#
#.######### #..# #..#
#....)....#####.#######..###
#..####..s.@..........>.....
#..# #.#.#####.########..##
#..# #.#.# #.# #..# ...# #.#.#
##.########..# .#..# #.#.#
#............# .#.§##
#.#>####.(.########.# .# #..
..#..........######.#
###..#####..........# #..#
#...########


You could see a scorpion.

Vanquished Creatures
  A sleepcap (D:2)
  A gnoll (D:4)
  2 adders (D:2)
  A dart slug (D:2)
  2 orcs (D:4)
  3 endoplasms
  2 giant cockroaches
  2 goblins (D:2)
  8 jackals
  6 ball pythons
  3 bats
  A frilled lizard (D:1)
  7 kobolds
  3 rats
42 creatures vanquished.

Notes
Turn   | Place    | Note
-------+----------+-------------------------------------------
     0 | D:1      | HarleyF the Hill Orc Berserker began the quest for the Orb.
     0 | D:1      | Reached XP level 1. HP: 19/19 MP: 1/1
   132 | D:1      | Found a faded altar of an unknown god.
   366 | D:1      | Reached XP level 2. HP: 16/27 MP: 2/2
  1196 | D:2      | Reached XP level 3. HP: 33/33 MP: 3/3
  1212 | D:2      | Reached ** piety under Trog
  1296 | D:2      | HP: 1/33 [adder (1)]
  1301 | D:2      | Reached skill level 5 in Axes
  1331 | D:2      | Reached XP level 4. HP: 31/41 MP: 4/4
  1451 | D:2      | You fall into a shaft and drop 2 floors!
  1664 | D:4      | Noticed a scorpion
  1674 | D:4      | HP: 2/41 [poisoned by a scorpion]
  1675 | D:4      | Succumbed to a scorpion's poison

Illustrated notes

Levels and vault maps discovered:
D:1:      lightli_arrival_windingriver, layout_basic,
          hellmonk_ecumenical_altar_blasted
D:2:      layout_rooms
D:4:      layout_loops_ring, gup_sewer_entry_bubbles, minivault_19,
          grunt_ministairs_15, minmay_manual_monolith

Skill      XL: |  1  2  3 |
---------------+----------+-----
Fighting       | 4 |  4.4
Dodging        | 2 |  2.4
Axes           | 5 |  5.5
Armour         | |  2.3
Stealth        | |  0.4

Action                     |  1- 3 |  4- 6 || total
---------------------------+-------+-------++-------
  Melee: Hand axe          |   130 |    38 ||   168
 Invoke: Berserk           |       |     1 ||     1
    Use: Potion            |     3 |     2 ||     5
   Stab: Sleeping          |     1 |       ||     1
 Armour: Animal skin       |    87 |    28 ||   115
  Dodge: Dodged            |   116 |    33 ||   149
